 Dungeon Crawl Stone Soup version 0.27.1-33-g824d729ab1 (webtiles) character file.

Game seed: 2207144087450068275

3598 lordive the Grappler (level 9, -5/83 HPs)
             Began as a Troll Transmuter on Dec 27, 2021.
             Was an Initiate of Okawaru.
             Slain by a killer bee (6 damage)
             ... on level 6 of the Dungeon.
             The game lasted 00:12:43 (4795 turns).

lordive the Grappler (Troll Transmuter)             Turns: 4795, Time: 00:12:43

Health: -5/83      AC:  6    Str: 20    XL:     9   Next: 85%
Magic:  11/12      EV: 11    Int: 12    God:    Okawaru [......]
Gold:   280        SH:  0    Dex: 16    Spells: 5/13 levels left

rFire    . . .     SeeInvis .     - Unarmed
rCold    . . .     Faith    .   (no shield)
rNeg     . . .     Spirit   .   o - +0 troll leather armour {Purgy}
rPois    .         Reflect  .   (helmet currently unavailable)
rElec    .         Harm     .   (no cloak)
rCorr    .         Rampage  .   (gloves unavailable)
Will     .....                  (boots unavailable)
Stlth    +.........             (no amulet)
HPRegen  2.23/turn              k - +6 ring of dexterity
MPRegen  0.13/turn              (no ring)

@: lethally poisoned (-5 -> -6), appendages
A: horns 2, talons 2, large, unfitting armour, claws 3, regeneration 1, shaggy
fur 1, tough skin 1
a: End Transformation, Renounce Religion


You were on level 6 of the Dungeon.
You worshipped Okawaru.
Okawaru was noncommittal.
You had temporarily grown beastly horns and talons.
You visited 2 branches of the dungeon, and saw 8 of its levels.
You also visited: Sewer.

You collected 280 gold pieces.

Inventory:

Armour
 o - a +0 troll leather armour (worn) {Purgy}
 z - a +2 robe of fire resistance
Jewellery
 k - a +6 ring of dexterity (left claw)
 y - a ring of fire
Wands
 B - a wand of mindburst (19)
Scrolls
 a - 2 scrolls of fog {unknown}
 c - 2 scrolls of torment {unknown}
 f - 2 scrolls of teleportation {unknown}
 h - 2 scrolls of identify {unknown}
 i - 3 scrolls of blinking
 l - 2 scrolls of silence {unknown}
 m - a scroll of noise {unknown}
 n - 3 scrolls of vulnerability {unknown}
 q - a scroll of enchant weapon {unknown}
 v - 3 scrolls of amnesia {unknown}
 w - 3 scrolls of magic mapping {unknown}
 x - a scroll of fear {unknown}
 A - a scroll of immolation {unknown}
Potions
 b - 2 potions of curing
 e - 3 potions of haste {unknown}
 g - a potion of mutation {unknown}
 j - a potion of flight {unknown}
 p - a potion of invisibility {unknown}
 r - a potion of resistance {unknown}
 s - a potion of might {unknown}
 t - a potion of degeneration {unknown}
 u - a potion of magic {unknown}


   Skills:
 + Level 3.6 Fighting
 + Level 3.7 Armour
 + Level 4.6 Dodging
 + Level 0.4 Stealth
 + Level 8.8 Unarmed Combat
 + Level 2.8 Spellcasting
 * Level 5.2 Transmutations


You had 5 spell levels left.
You knew the following spells:

 Your Spells              Type           Power      Damage    Failure   Level
a - Beastly Appendage     Tmut           28%        N/A       3%          1
b - Spider Form           Tmut/Pois      3%         N/A       30%         3
c - Ice Form              Ice/Tmut       7%         N/A       69%         4

Your spell library contained the following spells:

 Spells                   Type           Power      Damage    Failure   Level
 Wereblood                Tmut           14%        N/A       4%          2
 Magic Dart               Conj           4%         1d3       28%         1
 Call Imp                 Summ           1%         N/A       41%         2
 Ensorcelled Hibernation  Hex/Ice        2%         N/A       41%         2
 Mephitic Cloud           Conj/Pois/Air  1%         N/A       65%         3
 Shadow Creatures         Summ           N/A        N/A       100%        6


Dungeon Overview and Level Annotations

Branches:
Dungeon (7/15)             Temple (1/1) D:6           Sewer (visited)

Altars:
Ashenzari
Cheibriados
Dithmenos
Elyvilon
Fedhas
Gozag
Hepliaklqana
Kikubaaqudgha
Makhleb
Nemelex Xobeh
Okawaru
Qazlal
Ru
Sif Muna
Trog
Uskayaw
Vehumet
Wu Jian
Yredelemnul
Zin
The Shining One

Shops:
D:6 :

Portals:
Abyss: D:5


Innate Abilities, Weirdness & Mutations

You have temporarily grown beastly horns and talons.
You are too large for most types of armour.
You have claws for hands.
Your natural rate of healing is unusually fast.
You are covered in fur. (AC +1)
You have tough skin. (AC +1)


Message History

The killer bee stings you.
* * * LOW HITPOINT WARNING * * *
You are lethally poisoned!
The killer bee poisons you! The killer bee stings you.
* * * LOW HITPOINT WARNING * * *
The killer bee misses you.
Unknown command.
You feel much better.
You feel very sick. The killer bee barely misses you.
The killer bee closely misses you. The killer bee stings you.
* * * LOW HITPOINT WARNING * * *
The killer bee stings you but does no damage.
The killer bee stings you.
* * * LOW HITPOINT WARNING * * *
The killer bee barely misses you.
You closely miss the killer bee. Your headbutt misses the killer bee.
The killer bee is almost dead.
You feel very sick.
The killer bee stings you but does no damage.
The killer bee barely misses you. The killer bee completely misses you.
The killer bee closely misses you. The killer bee barely misses you.
The killer bee stings you.
* * * LOW HITPOINT WARNING * * *
You feel better. The killer bee stings you.
* * * LOW HITPOINT WARNING * * *
The killer bee barely misses you. The killer bee stings you.
* * * LOW HITPOINT WARNING * * *
The killer bee barely misses you. The killer bee misses you.
The killer bee barely misses you.
Unknown command.
Okay, then.
You scratch the killer bee.
You kill the killer bee!
Okawaru accepts your kill. The killer bee stings you.
* * * LOW HITPOINT WARNING * * *
You are lethally poisoned!
The killer bee poisons you! The killer bee stings you.
You die...

....##.......................<...
....##.....†.....................
....##..................)........
..####...........................
..# #...........................
..# ##...........................
#.###............................
#.##..####.......................
#.#..###.#......@y...............
....###.##.......y...........)...
...###..##.................†.....
..#.#...##.......................
...#....#........................
..#._............................
..#......#..#####...#...####.#.##
#.###....#..# #...#...# #.#.#
#..###..#...# #...##### #.#.#


You could see 2 killer bees.

Vanquished Creatures
  A toenail golem (D:5)
  The ghost of Cheops the Poker, a novice FoAK of Lugonu (D:5)
  Sigmund (D:6)
  Menkaure (D:6)
  Edmund (D:6)
  A water moccasin (D:5)
  2 small abominations (D:5)
  Purgy (Sewer)
  2 ice beasts (D:6)
  A black bear (D:6)
  4 necrophages
  An orc warrior (D:6)
  2 sky beasts (D:6)
  An ogre (D:6)
  2 kobold brigands
  2 bullfrogs (D:6)
  A scorpion (D:5)
  A wyvern skeleton (D:5)
  2 killer bees (D:6)
  A howler monkey (D:6)
  2 jellies
  A bullfrog zombie (D:5)
  A centaur zombie (D:6)
  5 hounds
  A centaur skeleton (D:6)
  3 orc priests (D:5)
  A gnoll shaman (D:5)
  5 iguanas
  Natasha (twice) (D:3)
  4 orc wizards
  A killer bee zombie (D:6)
  10 adders
  3 gnolls (D:5)
  4 worms
  2 dart slugs
  10 orcs
  9 endoplasms
  4 giant cockroaches
  9 goblins
  7 hobgoblins
  2 jackals (D:1)
  7 quokkas
  5 ball pythons
  6 bats
  7 frilled lizards
  4 kobolds
  4 rats
148 creatures vanquished.

Vanquished Creatures (others)
  A wizard (D:5)
1 creature vanquished.

Grand Total: 149 creatures vanquished

Notes
Turn   | Place    | Note
-------+----------+-------------------------------------------
     0 | D:1      | lordive the Troll Transmuter began the quest for the Orb.
     0 | D:1      | Reached XP level 1. HP: 18/18 MP: 1/1
   181 | D:1      | Found a faded altar of an unknown god.
   247 | D:1      | Reached XP level 2. HP: 22/26 MP: 2/2
   377 | D:1      | You fall into a shaft and drop 1 floor!
   395 | D:2      | Reached XP level 3. HP: 28/32 MP: 3/3
   460 | D:2      | Reached skill level 1 in Fighting
   495 | D:2      | Reached XP level 4. HP: 30/41 MP: 4/4
   629 | D:2      | Reached skill level 4 in Unarmed Combat
   936 | D:3      | Noticed Natasha
   949 | D:3      | Killed Natasha
  1166 | D:3      | Noticed Natasha
  1172 | D:3      | Killed Natasha
  1173 | D:3      | Reached XP level 5. HP: 43/48 MP: 5/5
  1236 | D:3      | Found a broken altar of Ashenzari.
  1238 | D:3      | Found a glowing golden altar of the Shining One.
  1238 | D:3      | Found a sacrificial altar of Ru.
  1912 | D:4      | Found a sparkling altar of Nemelex Xobeh.
  2138 | D:4      | Found a glowing drain.
  2160 | Sewer    | Entered a sewer
  2179 | Sewer    | Learned a level 3 spell: Spider Form
  2222 | Sewer    | Noticed Purgy
  2234 | Sewer    | Killed Purgy
  2235 | Sewer    | Reached skill level 5 in Unarmed Combat
  2235 | Sewer    | Reached XP level 6. HP: 38/55 MP: 3/7
  2543 | D:5      | Entered Level 5 of the Dungeon
  2667 | D:5      | Noticed a water moccasin
  2679 | D:5      | Reached XP level 7. HP: 39/63 MP: 6/8
  2688 | D:5      | Reached skill level 1 in Armour
  2724 | D:5      | Found a bloodstained altar of Trog.
  2891 | D:5      | Reached XP level 8. HP: 52/72 MP: 9/9
  3038 | D:5      | Noticed Cheops's ghost (novice FoAK)
  3046 | D:5      | Found a one-way gate to the infinite horrors of the Abyss.
  3046 | D:5      | Noticed a toenail golem
  3052 | D:5      | Found a transporter.
  3058 | D:5      | Found a transporter.
  3104 | D:5      | Reached skill level 6 in Unarmed Combat
  3178 | D:5      | Killed Cheops's ghost
  3251 | D:5      | Killed a toenail golem
  3252 | D:5      | Reached skill level 7 in Unarmed Combat
  3252 | D:5      | Reached XP level 9. HP: 77/80 MP: 9/11
  3429 | D:5      | Noticed a wizard
  3434 | D:5      | Killed a wizard
  3625 | D:6      | Noticed Edmund
  3641 | D:6      | Killed Edmund
  3649 | D:6      | Found a white marble altar of Elyvilon.
  4053 | D:6      | Reached skill level 8 in Unarmed Combat
  4099 | D:6      | Noticed Sigmund
  4103 | D:6      | Found a basalt altar of Yredelemnul.
  4110 | D:6      | Noticed Menkaure
  4123 | D:6      | HP: 3/83 [Menkaure/nerve-wracking pain (8)]
  4134 | D:6      | Killed Menkaure
  4135 | D:6      | Reached skill level 5 in Transmutations
  4141 | D:6      | Killed Sigmund
  4368 | D:6      | Found a hazy altar of Hepliaklqana.
  4385 | D:6      | Found a stormy altar of Qazlal.
  4403 | D:6      | Learned a level 4 spell: Ice Form
  4484 | D:6      | Found Xyimos's Book Shop.
  4596 | D:6      | Found a staircase to the Ecumenical Temple.
  4632 | Temple   | Entered the Ecumenical Temple
  4697 | Temple   | Became a worshipper of Warmaster Okawaru
  4791 | D:6      | HP: 1/83 [killer bee (6)]
  4795 | D:6      | Slain by a killer bee

Illustrated notes

Levels and vault maps discovered:
D:1:      dpeg_arrival_concentric_ovals, layout_loops_corners,
          ebering_ecumenical_altar_ruins, ebering_dispersal_statue_hall,
          minmay_octomino_e4
D:2:      layout_rooms
D:3:      layout_basic, grunt_temple_overflow_diamond,
          chequers_serial_rivers_micro_a, uniq_natasha
D:4:      layout_rooms, nemelex_xobeh_ov_fountains_minmay, gup_sewer_entry_pipe
D:5:      layout_loops_ring, trog_wizard, gammafunk_ghost_abyssal_escape,
          st_stairs_1
D:6:      layout_basic, lemuel_doored_altar, nicolae_overflow_hidden_temple,
          nzn_hepliaklqana_mist_gate, minmay_temple_entry_enclosed_plants,
          serial_shops, nicolae_shop_behind_doors, minmay_ruined_shrine,
          uniq_edmund, uniq_menkaure, uniq_sigmund
D:7:      layout_rooms, nrook_mini_vaults
Temple:   cyrus_circular_temple

Skill      XL: |  1  2  3  4  5  6  7  8  9 |
---------------+----------------------------+-----
Transmutations | 2 3 4 5 |  5.2
Dodging        | 2 3 4 |  4.6
Fighting       | 1 2 3 |  3.6
Unarmed Combat | 4 5 7 8 |  8.8
Armour         | 2 3 |  3.7
Spellcasting   | 2 |  2.8
Stealth        | |  0.4

Action                   |  1- 3 |  4- 6 |  7- 9 || total
-------------------------+-------+-------+-------++-------
Melee: Unarmed           |    82 |   203 |   195 ||   480
       Kick              |       |     7 |    59 ||    66
       Punch             |       |     1 |     7 ||     8
       Headbutt          |       |     3 |    31 ||    34
 Cast: Beastly Appendage |       |     3 |    23 ||    26
  Use: Potion            |       |     2 |     3 ||     5
 Stab: Sleeping          |     1 |     1 |       ||     2
       Distracted        |       |       |     1 ||     1
Armor: Robe              |    36 |    48 |       ||    84
       Troll leather arm |       |    15 |    55 ||    70
Dodge: Dodged            |    49 |   123 |   125 ||   297
